[ AOE2 MATCH · #505692810 ]
UnrankedSpanish vs Franks
Player's team · LOSS
Rival team · WIN
[ REPLAY ANALYSIS · EXTRACTED FROM THE RECORDED GAME ]
Feudal
10:39
Castle
24:34
Imperial
—
| APM avg | 70.2 |
| APM peak | 123 |
| eAPM avg | 26.3 |
| Villagers / military | 48 / 34 |
Focus
⚔️ 27.2% · 🌾 72.8%
Scout Cavalry ×10 · Skirmisher ×9 · Knight ×8 · Monk ×3 · Militia ×3 · Spearman ×1
Feudal
8:38
Castle
22:20
Imperial
—
| APM avg | 64.2 |
| APM peak | 107 |
| eAPM avg | 35.7 |
| Villagers / military | 54 / 37 |
Focus
⚔️ 51.3% · 🌾 48.7%
Knight ×16 · Archer ×7 · Militia ×4 · Spearman ×3 · Scout Cavalry ×3 · Monk ×2
Match map
Initial resources + every placement click. Lines = walls · curves = elevation contours. ◆ gold · ⬟ stone · ● berries · ✦ relic · ◌ wall gap
Your base· ✓ Closed at 24:34 · 52t walls · no gate
MerlinAoE's base· ✓ Closed at 22:20 · 59t walls · 1 gate(s)
Smoothed initial terrain · ◌ = detected wall gap · hover for details
Inputs per minute
— uel - - MerlinAoE
Build order — uel
First 150 of 176 actions detected
| 0:01 | Create | Villager (Male) |
| 0:01 | Create | Villager (Male) |
| 0:01 | Create | Villager (Male) |
| 0:03 | Build | House |
| 0:04 | Build | House |
| 0:17 | Create | Villager (Male) |
| 1:27 | Create | Villager (Male) |
| 1:50 | Build | Lumber Camp |
| 2:05 | Create | Villager (Male) |
| 2:15 | Create | Villager (Male) |
| 2:43 | Create | Villager (Male) |
| 3:05 | Create | Villager (Male) |
| 3:32 | Create | Villager (Male) |
| 3:32 | Create | Villager (Male) |
| 3:48 | Build | House |
| 3:49 | Build | House |
| 3:55 | Create | Villager (Male) |
| 4:22 | Create | Villager (Male) |
| 4:49 | Create | Villager (Male) |
| 4:55 | Build | Barracks |
| 5:00 | Create | Villager (Male) |
| 5:28 | Create | Villager (Male) |
| 5:40 | Create | Militia |
| 5:40 | Create | Militia |
| 5:50 | Build | House |
| 6:00 | Create | Villager (Male) |
| 6:09 | Create | Militia |
| 6:21 | Create | Villager (Male) |
| 6:53 | Build | Mill |
| 6:54 | Create | Villager (Male) |
| 7:10 | Create | Villager (Male) |
| 7:29 | Create | Villager (Male) |
| 7:55 | Research | Loom |
| 7:55 | Research | Loom |
| 8:29 | Research | Feudal Age |
| 9:12 | Build | Lumber Camp |
| 9:15 | Create | Villager (Male) |
| 9:17 | Build | Farm |
| 9:37 | Create | Villager (Male) |
| 9:39 | Build | Farm |
| 9:51 | Build | Farm |
| 9:58 | Build | Farm |
| 10:22 | Build | Farm |
| 10:39 | Age | Feudal Age |
| 10:44 | Build | Stable |
| 11:16 | Create | Villager (Male) |
| 11:18 | Research | Double-Bit Axe |
| 11:18 | Research | Double-Bit Axe |
| 11:23 | Create | Scout Cavalry |
| 11:31 | Create | Scout Cavalry |
| 11:32 | Create | Spearman |
| 11:35 | Build | House |
| 11:38 | Build | House |
| 11:39 | Build | House |
| 11:44 | Create | Villager (Male) |
| 11:46 | Build | Farm |
| 12:21 | Build | Farm |
| 12:22 | Create | Scout Cavalry |
| 12:27 | Build | Farm |
| 12:50 | Build | Archery Range |
| 12:52 | Create | Scout Cavalry |
| 12:59 | Create | Villager (Male) |
| 13:15 | Create | Skirmisher |
| 13:19 | Build | House |
| 13:22 | Build | Palisade Wall |
| 13:26 | Create | Skirmisher |
| 13:36 | Build | Farm |
| 13:41 | Build | Palisade Wall |
| 14:00 | Create | Villager (Male) |
| 14:17 | Build | Farm |
| 14:24 | Create | Skirmisher |
| 14:36 | Create | Skirmisher |
| 14:40 | Create | Villager (Male) |
| 14:43 | Build | Farm |
| 14:45 | Create | Skirmisher |
| 14:59 | Create | Scout Cavalry |
| 15:13 | Build | Farm |
| 15:19 | Create | Skirmisher |
| 15:41 | Create | Skirmisher |
| 15:42 | Create | Scout Cavalry |
| 15:58 | Create | Scout Cavalry |
| 15:58 | Create | Villager (Male) |
| 16:29 | Create | Villager (Male) |
| 16:36 | Build | House |
| 16:37 | Build | Palisade Wall |
| 16:42 | Create | Villager (Male) |
| 16:43 | Build | Farm |
| 16:50 | Create | Villager (Male) |
| 16:52 | Build | Mining Camp |
| 17:03 | Create | Skirmisher |
| 17:03 | Create | Skirmisher |
| 17:06 | Create | Villager (Male) |
| 17:07 | Build | House |
| 17:08 | Build | House |
| 17:29 | Create | Villager (Male) |
| 17:32 | Create | Scout Cavalry |
| 17:42 | Create | Villager (Male) |
| 17:46 | Build | Palisade Wall |
| 17:54 | Build | Palisade Wall |
| 17:55 | Build | Palisade Wall |
| 17:58 | Build | Palisade Wall |
| 18:00 | Build | Palisade Wall |
| 18:01 | Build | Palisade Wall |
| 18:10 | Create | Villager (Male) |
| 18:31 | Create | Scout Cavalry |
| 18:31 | Create | Scout Cavalry |
| 18:34 | Create | Villager (Male) |
| 19:04 | Create | Villager (Male) |
| 19:05 | Build | Farm |
| 19:17 | Build | Palisade Wall |
| 19:21 | Create | Villager (Male) |
| 19:22 | Build | Blacksmith |
| 19:32 | Build | Farm |
| 19:49 | Build | Palisade Wall |
| 19:54 | Create | Villager (Male) |
| 19:59 | Research | Fletching |
| 20:16 | Create | Villager (Male) |
| 20:18 | Build | Farm |
| 20:36 | Build | Farm |
| 20:58 | Build | Farm |
| 21:23 | Create | Villager (Male) |
| 21:26 | Build | Farm |
| 21:27 | Build | Farm |
| 21:54 | Research | Castle Age |
| 21:54 | Research | Castle Age |
| 21:59 | Build | Farm |
| 22:14 | Build | Stable |
| 22:37 | Build | House |
| 22:41 | Build | Farm |
| 22:43 | Research | Bloodlines |
| 22:43 | Research | Bloodlines |
| 23:02 | Research | Gold Mining |
| 23:04 | Build | Farm |
| 23:10 | Build | House |
| 23:11 | Build | House |
| 23:28 | Build | Farm |
| 23:49 | Build | Lumber Camp |
| 24:21 | Create | Villager (Male) |
| 24:25 | Research | Scale Barding Armor |
| 24:25 | Research | Forging |
| 24:28 | Build | House |
| 24:29 | Build | House |
| 24:34 | Age | Castle Age |
| 24:38 | Build | House |
| 24:40 | Build | University |
| 24:42 | Build | Monastery |
| 24:45 | Build | House |
| 24:48 | Build | House |
| 24:55 | Create | Knight |
| 25:06 | Build | Palisade Wall |
Build order — MerlinAoE
First 150 of 180 actions detected
| 0:01 | Create | Villager (Male) |
| 0:02 | Build | House |
| 0:02 | Build | House |
| 0:03 | Create | Villager (Male) |
| 0:03 | Create | Villager (Male) |
| 0:19 | Create | Villager (Male) |
| 1:25 | Create | Villager (Male) |
| 2:02 | Create | Villager (Male) |
| 2:22 | Build | Lumber Camp |
| 2:29 | Create | Villager (Male) |
| 2:46 | Create | Villager (Male) |
| 2:55 | Create | Villager (Male) |
| 3:16 | Research | Loom |
| 3:20 | Create | Villager (Male) |
| 3:40 | Create | Villager (Male) |
| 3:52 | Build | House |
| 3:56 | Build | House |
| 4:02 | Build | House |
| 4:11 | Create | Villager (Male) |
| 4:34 | Create | Villager (Male) |
| 4:49 | Create | Villager (Male) |
| 4:53 | Create | Villager (Male) |
| 4:54 | Create | Villager (Male) |
| 5:09 | Create | Villager (Male) |
| 5:20 | Build | Barracks |
| 5:24 | Create | Villager (Male) |
| 5:30 | Research | Loom |
| 5:53 | Build | House |
| 6:15 | Build | Palisade Wall |
| 6:17 | Build | Palisade Wall |
| 6:17 | Build | Palisade Wall |
| 6:28 | Research | Feudal Age |
| 7:05 | Create | Militia |
| 7:09 | Create | Militia |
| 7:14 | Build | Mining Camp |
| 7:39 | Create | Militia |
| 7:47 | Build | Palisade Wall |
| 7:59 | Build | Palisade Wall |
| 8:13 | Create | Villager (Male) |
| 8:38 | Age | Feudal Age |
| 8:40 | Research | Man-at-Arms (upgrade) |
| 9:10 | Create | Villager (Male) |
| 9:13 | Build | Archery Range |
| 9:40 | Create | Villager (Male) |
| 9:45 | Create | Militia |
| 9:51 | Build | House |
| 10:02 | Create | Villager (Male) |
| 10:08 | Build | Mill |
| 10:22 | Create | Archer |
| 10:32 | Create | Archer |
| 10:36 | Create | Villager (Male) |
| 10:59 | Create | Archer |
| 11:09 | Create | Villager (Male) |
| 11:15 | Build | Farm |
| 11:16 | Build | Farm |
| 11:16 | Build | Farm |
| 11:16 | Build | Farm |
| 11:29 | Create | Spearman |
| 11:51 | Build | House |
| 11:55 | Create | Villager (Male) |
| 12:19 | Build | Farm |
| 12:32 | Create | Archer |
| 12:33 | Create | Archer |
| 12:33 | Create | Villager (Male) |
| 12:52 | Create | Archer |
| 12:54 | Create | Spearman |
| 13:12 | Build | Palisade Wall |
| 13:19 | Create | Villager (Male) |
| 13:20 | Create | Villager (Male) |
| 13:35 | Create | Villager (Male) |
| 13:39 | Build | Farm |
| 13:43 | Build | Palisade Wall |
| 13:49 | Build | House |
| 14:06 | Create | Villager (Male) |
| 14:09 | Build | House |
| 14:10 | Build | House |
| 14:19 | Research | Double-Bit Axe |
| 14:25 | Create | Archer |
| 14:31 | Create | Spearman |
| 14:35 | Create | Villager (Male) |
| 14:44 | Build | Palisade Wall |
| 14:50 | Build | Palisade Wall |
| 14:53 | Build | Palisade Wall |
| 15:13 | Build | Palisade Gate |
| 15:24 | Create | Villager (Male) |
| 15:26 | Build | Farm |
| 15:43 | Create | Villager (Male) |
| 15:46 | Build | Farm |
| 16:00 | Build | Farm |
| 16:17 | Build | Palisade Wall |
| 16:21 | Build | Palisade Wall |
| 16:42 | Build | Stable |
| 16:47 | Create | Villager (Male) |
| 16:50 | Build | Farm |
| 16:58 | Build | Farm |
| 17:01 | Create | Villager (Male) |
| 17:25 | Create | Scout Cavalry |
| 17:25 | Create | Scout Cavalry |
| 17:26 | Create | Scout Cavalry |
| 17:29 | Build | Farm |
| 17:34 | Build | Farm |
| 17:36 | Create | Villager (Male) |
| 17:42 | Build | Farm |
| 17:45 | Build | Farm |
| 18:02 | Create | Villager (Male) |
| 18:05 | Build | Farm |
| 18:19 | Build | Farm |
| 18:24 | Build | Farm |
| 18:28 | Create | Villager (Male) |
| 18:40 | Build | Watch Tower |
| 18:53 | Build | House |
| 18:59 | Build | House |
| 19:04 | Create | Villager (Male) |
| 19:07 | Build | Farm |
| 19:40 | Research | Castle Age |
| 19:40 | Research | Castle Age |
| 19:44 | Build | Lumber Camp |
| 19:50 | Research | Gold Mining |
| 19:50 | Research | Gold Mining |
| 20:28 | Build | Stable |
| 20:34 | Build | Stable |
| 20:56 | Build | Blacksmith |
| 21:14 | Build | Farm |
| 21:29 | Build | Farm |
| 21:51 | Research | Scale Barding Armor |
| 21:51 | Research | Forging |
| 22:20 | Age | Castle Age |
| 22:22 | Create | Knight |
| 22:22 | Create | Knight |
| 22:26 | Research | Bow Saw |
| 22:27 | Create | Villager (Male) |
| 22:50 | Create | Villager (Male) |
| 22:53 | Create | Knight |
| 22:53 | Create | Knight |
| 23:07 | Create | Knight |
| 23:07 | Create | Knight |
| 23:10 | Build | Palisade Gate |
| 23:19 | Create | Villager (Male) |
| 23:26 | Create | Knight |
| 23:35 | Create | Villager (Male) |
| 23:41 | Build | Monastery |
| 23:45 | Create | Villager (Male) |
| 23:51 | Create | Knight |
| 23:55 | Research | Husbandry |
| 24:09 | Build | Market |
| 24:13 | Build | House |
| 24:20 | Create | Knight |
| 24:43 | Create | Villager (Male) |
| 24:46 | Create | Knight |
| 24:55 | Create | Villager (Male) |
Match timeline
| 4:55 | uel · first_building Barracks |
| 5:20 | MerlinAoE · first_building Barracks |
| 6:15 | MerlinAoE · wall_segment Palisade Wall x1 |
| 6:17 | MerlinAoE · wall_segment Palisade Wall x1 |
| 6:17 | MerlinAoE · wall_segment Palisade Wall x1 |
| 7:47 | MerlinAoE · wall_segment Palisade Wall x1 |
| 7:59 | MerlinAoE · wall_segment Palisade Wall x2 |
| 8:38 | MerlinAoE · age_up feudal |
| 9:13 | MerlinAoE · first_building Archery Range |
| 10:39 | uel · age_up feudal |
| 10:44 | uel · first_building Stable |
| 12:50 | uel · first_building Archery Range |
| 13:12 | MerlinAoE · wall_segment Palisade Wall x7 |
| 13:22 | uel · wall_segment Palisade Wall x1 |
| 13:41 | uel · wall_segment Palisade Wall x1 |
| 13:43 | MerlinAoE · wall_segment Palisade Wall x8 |
| 14:44 | MerlinAoE · wall_segment Palisade Wall x13 |
| 14:50 | MerlinAoE · wall_segment Palisade Wall x10 |
| 14:53 | MerlinAoE · wall_segment Palisade Wall x1 |
| 16:17 | MerlinAoE · wall_segment Palisade Wall x7 |
| 16:21 | MerlinAoE · wall_segment Palisade Wall x8 |
| 16:37 | uel · wall_segment Palisade Wall x1 |
| 16:42 | MerlinAoE · first_building Stable |
| 17:46 | uel · wall_segment Palisade Wall x13 |
| 17:54 | uel · wall_segment Palisade Wall x12 |
| 17:55 | uel · wall_segment Palisade Wall x4 |
| 17:58 | uel · wall_segment Palisade Wall x13 |
| 18:00 | uel · wall_segment Palisade Wall x4 |
| 18:01 | uel · wall_segment Palisade Wall x1 |
| 19:17 | uel · wall_segment Palisade Wall x1 |
| 19:49 | uel · wall_segment Palisade Wall x1 |
| 22:20 | MerlinAoE · age_up castle |
| 23:41 | MerlinAoE · first_building Monastery |
| 24:34 | uel · age_up castle |
| 24:42 | uel · first_building Monastery |
| 25:00 | MerlinAoE · first_market_sell 100 food |
| 25:01 | MerlinAoE · first_market_buy 100 stone |
| 25:06 | uel · wall_segment Palisade Wall x1 |
| 28:12 | uel · resign |
[ AI ANALYSIS · 1 CREDIT ]
What really happened in this match?
Wolo.gg analyzes every decision: build order, eco, micro, common mistakes by bracket. Personalized analysis on WhatsApp or Discord in 30 seconds.
Civ guide
Spanish
Perfil
uel